Login

Toronto Marlies vs Syracuse Crunch

Created - 29 April 2024 at 23:30

Goals
1 2 3 T
Toronto Marlies 0 0 1 1
Syracuse Crunch 1 3 0 4
Shots
1 2 3 T
Toronto Marlies 3 11 1 15
Syracuse Crunch 6 9 2 17

GoalsPenalties
1st period
1. Syracuse Crunch , Alex Barre-Boulet 13 (Cole Koepke 13) at 14:40 (PP)
Kyle Clifford (TOR) for High sticking (Double Minor) at 14:31
2nd period
2. Syracuse Crunch , Gabriel Fortier 11 (Mitchell Chaffee 5, Brenden Miller 9) at 6:08
3. Syracuse Crunch , Gabriel Fortier 12 (Logan Brown 12, Hugo Alnefelt) at 6:55 (PP)
4. Syracuse Crunch , Simon Ryfors 13 (Logan Brown 13, Jack Thompson 6) at 9:25
Kyle Clifford (TOR) for Interference (Minor) at 6:11
3rd period
5. Toronto Marlies , Kyle Clifford 16 (Max Lajoie 18, Nicholas Robertson 13) at 0:06
Marshall Rifai (TOR) for Tripping (Minor) at 1:01
Goalie Stats
Maxime Lagace (TOR), 8 saves from 12 shots - (0.667), L, 2-6-0, 29:25 minutes
Keith Petruzzelli (TOR), 5 saves from 5 shots - (1.000), 30:35 minutes
Hugo Alnefelt (SYR), 14 saves from 15 shots - (0.933), W, 4-8-1, 60:00 minutes
3 StarsOfficial
1 - Gabriel Fortier (SYR)
2 - Simon Ryfors (SYR)
3 - Logan Brown (SYR)
Referees : Michael Markovic and Tom Chmielewski
Linesman : Julien Fournier and Steve Miller
Game Note
Keith Petruzzelli enters game at 9:25 of 2nd period
Finance
Level 1 -- Attendance: 1294 (64.70%) -- Ticket Income $58,230
Level 2 -- Attendance: 517 (51.70%) -- Ticket Income $12,925
Total Attendance: 1811 (60.37%)
Total Ticket Income: $71,155
Other Income: $34,866
Total Income: $106,021



Team Name Goals Shots Shots Attemp Shots Blocked PIM HIT PP PK FO%
Toronto Marlies 11525108260 / 0 (0.00%247%
Syracuse Crunch 4173660172 / 4 (50%)053%

Toronto Marlies
Player Name POS G A P +/- PIM HIT SHT SB MP PP MP PP SHT PK MP PK SHT FO% FOT GA TA
Aidan DudasLW0000014119:590:0002:0610% 310
Charlie GerardRW000000002:340:0000:0000% 000
Danny O'ReganRW0000021118:010:0000:5300% 011
Kyle CliffordLW101-1652020:050:0001:0100% 201
Marshall RifaiD000-1250019:590:0000:4100% 000
Max EllisRW0000021016:410:0000:0300% 100
Max LajoieD0110002123:010:0003:1300% 001
Mikko KokkonenD0000000016:390:0000:2100% 000
Nicholas RobertsonLW011-1000018:170:0000:06064% 1400
Pontus HolmbergRW0000042018:510:0000:5300% 100
Ryan TverbergLW0000020016:410:0000:00063% 800
Sean JoslingRW000000000:040:0000:0000% 000
Semyon Der-ArguchintsevC0000021017:560:0001:0900% 001
Shane GersichLW000-1021120:070:0002:46043% 700
T.J. FriedmannLW000000006:020:0000:4500% 000
Topi NiemelaD0000000116:400:0000:3600% 000
William LagessonD0000000323:010:0003:1300% 000
William VilleneuveD000-1011220:280:0001:3800% 000
Syracuse Crunch
Player Name POS G A P +/- PIM HIT SHT SB MP PP MP PP SHT PK MP PK SHT FO% FOT GA TA
Alex Barre-BouletC101-1012021:382:4910:00058% 2410
Brandon HickeyD0001011014:550:0000:0000% 000
Brenden MillerD0111012017:182:4710:0000% 000
Cole KoepkeLW011-1033022:032:4920:0000% 011
Felix RobertC000000006:000:0000:000100% 100
Gabriel FortierLW2021025019:392:0210:000100% 100
Gage GoncalvesC0001000016:170:0000:0000% 310
Ilya UsauC000000000:000:0000:0000% 000
Jack FinleyC0001000115:370:0000:0000% 000
Jack ThompsonD0111000121:132:0400:0000% 000
Jake MassieD000-1000122:212:0400:0000% 000
Logan BrownC0221000120:222:0200:00075% 400
Lucas EdmondsRW000-1010021:322:4900:0000% 010
Mitchell ChaffeeRW0111032119:122:0200:0000% 000
Riley McCourtD000000003:190:0000:0000% 000
Roman KinalD0001000018:490:0000:0000% 000
Sean DayD000-1020124:292:4700:0000% 001
Simon RyforsC1011032015:160:0000:0000% 300

Toronto Marlies

5 vs 5 Forward
Line #Left WingCenterRight WingPHYDFOFWanted %Time %Time Play
1Kyle CliffordNicholas RobertsonShane Gersich1224035%19:14
2Semyon Der-ArguchintsevRyan TverbergDanny O'Regan1223032%17:42
3Pontus HolmbergAidan DudasMax Ellis1222026%14:04
4Aidan DudasKyle CliffordPontus Holmberg122108%4:09
5 vs 5 Defense
Line #DefenseDefensePHYDFOFWanted %Time %Time Play
1Max LajoieWilliam Lagesson1224038%20:43
2William VilleneuveMarshall Rifai1223028%15:34
3Mikko KokkonenTopi Niemela1222028%15:15
4William VilleneuveMarshall Rifai122107%3:37
Power Play Forward
Line #Left WingCenterRight WingPHYDFOFWanted %Time %Time Play
1Kyle CliffordPontus HolmbergShane Gersich122600%0:00
2Nicholas RobertsonAidan DudasDanny O'Regan122400%0:00
Power Play Defense
Line #DefenseDefensePHYDFOFWanted %Time %Time Play
1Max LajoieWilliam Lagesson122600%0:00
2William VilleneuveMarshall Rifai122400%0:00
Penalty Kill 4 Players Forward
Line #CenterWingPHYDFOFWanted %Time %Time Play
1Shane GersichKyle Clifford1226082%3:58
2Danny O'ReganPontus Holmberg1224018%0:53
Penalty Kill 4 Players Defense
Line #DefenseDefensePHYDFOFWanted %Time %Time Play
1William LagessonMax Lajoie1226066%3:13
2William VilleneuveMarshall Rifai1224034%1:38
Penalty Kill 3 Players
Line #WingPHYDFOFWanted %Time %Time PlayDefenseDefensePHYDFOFWanted %Time %Time Play
1Danny O'Regan122600%0:00 Topi NiemelaMikko Kokkonen122600%0:00
2Kyle Clifford122400%0:00 William VilleneuveMarshall Rifai122400%0:00
4 vs 4 Forward
Line #CenterWingPHYDFOFWanted %Time %Time Play
1Pontus HolmbergKyle Clifford122600%0:00
2Danny O'ReganAidan Dudas122400%0:00
4 vs 4 Defense
Line #DefensePHYDFOFWanted %Time %Time Play
1Mikko KokkonenTopi Niemela122600%0:00
2William VilleneuveMarshall Rifai122400%0:00
Last Minutes Offensive
Left WingCenterRight WingDefenseDefense
Kyle CliffordPontus HolmbergDanny O'ReganMax LajoieWilliam Lagesson
Last Minutes Defensive
Left WingCenterRight WingDefenseDefense
Kyle CliffordPontus HolmbergDanny O'ReganMax LajoieWilliam Lagesson
Time
Total ForwardTotal DefenseLast Minutes OffensiveLast Minutes Defensive
60:00 60:00 0:000:00
Extra Forwards
Normal PowerPlayPenalty Kill
Shane Gersich, Kyle Clifford, Danny O'ReganShane Gersich, Kyle CliffordKyle Clifford
Extra Defensemen
Normal PowerPlayPenalty Kill
Mikko Kokkonen, Topi Niemela, William VilleneuveMikko Kokkonen, Topi NiemelaWilliam Villeneuve
Penalty Shots
Kyle Clifford, Danny O'Regan, Pontus Holmberg, Shane Gersich, Aidan Dudas
Goalie
Maxime Lagace, Keith Petruzzelli
Custom OT Lines Forwards
Kyle Clifford, Pontus Holmberg, Semyon Der-Arguchintsev, Charlie Gerard, Nicholas Robertson, Danny O'Regan, Aidan Dudas, Ryan Tverberg, Shane Gersich, Max Ellis
Custom OT Lines Defensemen
Max Lajoie, William Lagesson, William Villeneuve, Marshall Rifai, Mikko Kokkonen
Scratches
Nick Hutchison (Right Hip Injury), Matthew Knies (Healthy), Dmitry Ovchinnikov (Healthy), Dennis Hildeby (Healthy)

Syracuse Crunch

5 vs 5 Forward
Line #Left WingCenterRight WingPHYDFOFWanted %Time %Time Play
1Cole KoepkeAlex Barre-BouletLucas Edmonds1224036%19:56
2Gabriel FortierLogan BrownMitchell Chaffee1223031%17:14
3Jack FinleySimon RyforsGage Goncalves1222028%15:16
4Cole KoepkeGage GoncalvesLogan Brown122105%2:43
5 vs 5 Defense
Line #DefenseDefensePHYDFOFWanted %Time %Time Play
1Jake MassieSean Day1224034%18:57
2Jack ThompsonRoman Kinal1223031%17:08
3Brenden MillerBrandon Hickey1222026%14:21
4Jack ThompsonSean Day122109%4:43
Power Play Forward
Line #Left WingCenterRight WingPHYDFOFWanted %Time %Time Play
1Cole KoepkeAlex Barre-BouletLucas Edmonds1226058%2:49
2Gabriel FortierLogan BrownMitchell Chaffee1224042%2:02
Power Play Defense
Line #DefenseDefensePHYDFOFWanted %Time %Time Play
1Brenden MillerSean Day1226057%2:47
2Jack ThompsonJake Massie1224043%2:04
Penalty Kill 4 Players Forward
Line #CenterWingPHYDFOFWanted %Time %Time Play
1Lucas EdmondsLogan Brown122600%0:00
2Cole KoepkeGabriel Fortier122400%0:00
Penalty Kill 4 Players Defense
Line #DefenseDefensePHYDFOFWanted %Time %Time Play
1Brandon HickeySean Day122600%0:00
2Jack ThompsonBrenden Miller122400%0:00
Penalty Kill 3 Players
Line #WingPHYDFOFWanted %Time %Time PlayDefenseDefensePHYDFOFWanted %Time %Time Play
1Cole Koepke122600%0:00 Brandon HickeySean Day122600%0:00
2Logan Brown122400%0:00 Jack ThompsonRoman Kinal122400%0:00
4 vs 4 Forward
Line #CenterWingPHYDFOFWanted %Time %Time Play
1Lucas EdmondsLogan Brown122600%0:00
2Cole KoepkeGabriel Fortier122400%0:00
4 vs 4 Defense
Line #DefensePHYDFOFWanted %Time %Time Play
1Brenden MillerSean Day122600%0:00
2Jack ThompsonBrandon Hickey122400%0:00
Last Minutes Offensive
Left WingCenterRight WingDefenseDefense
Cole KoepkeAlex Barre-BouletLucas EdmondsJack ThompsonSean Day
Last Minutes Defensive
Left WingCenterRight WingDefenseDefense
Cole KoepkeAlex Barre-BouletLucas EdmondsJack ThompsonSean Day
Time
Total ForwardTotal DefenseLast Minutes OffensiveLast Minutes Defensive
60:00 60:00 0:000:00
Extra Forwards
Normal PowerPlayPenalty Kill
Jack Finley, Felix Robert, Cole KoepkeJack Finley, Felix RobertLogan Brown
Extra Defensemen
Normal PowerPlayPenalty Kill
Brenden Miller, Brandon Hickey, Jack ThompsonBrenden Miller, Brandon HickeyJack Thompson
Penalty Shots
Jack Finley, Logan Brown, Cole Koepke, Gabriel Fortier, Simon Ryfors
Goalie
Hugo Alnefelt, Garrett Metcalf
Custom OT Lines Forwards
Alex Barre-Boulet, Logan Brown, Cole Koepke, Gabriel Fortier, Simon Ryfors, Gage Goncalves, Jack Finley, Lucas Edmonds, Felix Robert, Mitchell Chaffee
Custom OT Lines Defensemen
Jake Massie, Sean Day, Jack Thompson, Brandon Hickey, Brenden Miller
Scratches
Declan Carlile (Left Leg Injury), Anthony Del-Gaizo (Healthy), Jaydon Dureau (Bruised Right Arm Injury), Bennett MacArthur (Healthy), Luke Peressini (Healthy)


Play-by-Play

1st period


0:01 of 1st period - Alex Barre-Boulet wins face-off versus Shane Gersich in neutral zone.
0:16 of 1st period - Alex Barre-Boulet is hit by Kyle Clifford and loses puck.
1:21 of 1st period - Sean Day is hit by Semyon Der-Arguchintsev and loses puck.
2:34 of 1st period - Icing by Max Lajoie.
2:35 of 1st period - Logan Brown wins face-off versus Kyle Clifford in Toronto Marlies zone.
2:38 of 1st period - Snap shot by Gabriel Fortier.
2:38 of 1st period - Shot Misses the Net.
2:43 of 1st period - Off-side.
2:44 of 1st period - Ryan Tverberg wins face-off versus Alex Barre-Boulet in neutral zone.
2:47 of 1st period - Alex Barre-Boulet is hit by Marshall Rifai and loses puck.
3:18 of 1st period - Wrist shot by Simon Ryfors.
3:18 of 1st period - Shot Misses the Net.
3:20 of 1st period - Snap shot by Simon Ryfors.
3:20 of 1st period - Stopped by Maxime Lagace with a rebound.
3:22 of 1st period - Slapshot by Gage Goncalves.
3:22 of 1st period - Shot Blocked by William Villeneuve.
5:17 of 1st period - T.J. Friedmann is hit by Mitchell Chaffee and loses puck.
6:26 of 1st period - Max Ellis is hit by Mitchell Chaffee and loses puck.
8:10 of 1st period - Mitchell Chaffee is hit by Marshall Rifai and loses puck.
9:01 of 1st period - Alex Barre-Boulet is hit by Kyle Clifford and loses puck.
10:59 of 1st period - Icing by Mitchell Chaffee.
11:00 of 1st period - Alex Barre-Boulet wins face-off versus Ryan Tverberg in Syracuse Crunch zone.
11:21 of 1st period - Gabriel Fortier is hit by Pontus Holmberg and loses puck.
11:29 of 1st period - Icing by Gabriel Fortier.
11:30 of 1st period - Nicholas Robertson wins face-off versus Simon Ryfors in Syracuse Crunch zone.
11:31 of 1st period - Wrist shot by Kyle Clifford.
11:31 of 1st period - Deflect By Shane Gersich.
11:31 of 1st period - Stopped by Hugo Alnefelt without a rebound.
11:32 of 1st period - Shane Gersich wins face-off versus Simon Ryfors in Syracuse Crunch zone.
12:06 of 1st period - Alex Barre-Boulet is hit by Marshall Rifai and loses puck.
12:21 of 1st period - Snap shot by Aidan Dudas.
12:21 of 1st period - Stopped by Hugo Alnefelt without a rebound.
12:22 of 1st period - Gabriel Fortier wins face-off versus Aidan Dudas in Syracuse Crunch zone.
12:41 of 1st period - Logan Brown is hit by Max Ellis and loses puck.
13:14 of 1st period - Slapshot by Gabriel Fortier.
13:14 of 1st period - Shot Misses the Net.
13:16 of 1st period - Snap shot by Logan Brown.
13:16 of 1st period - Shot Blocked by Topi Niemela.
13:18 of 1st period - Snap shot by Mitchell Chaffee.
13:18 of 1st period - Stopped by Maxime Lagace with a rebound.
13:20 of 1st period - Slapshot by Gabriel Fortier.
13:20 of 1st period - Stopped by Maxime Lagace without a rebound.
13:21 of 1st period - Alex Barre-Boulet wins face-off versus Nicholas Robertson in Toronto Marlies zone.
13:22 of 1st period - Snap shot by Cole Koepke.
13:22 of 1st period - Shot Blocked by Shane Gersich.
13:24 of 1st period - Snap shot by Alex Barre-Boulet.
13:24 of 1st period - Deflect By Cole Koepke.
13:24 of 1st period - Shot Misses the Net.
13:24 of 1st period - Puck is out of play.
13:25 of 1st period - Alex Barre-Boulet wins face-off versus Nicholas Robertson in Toronto Marlies zone.
14:01 of 1st period - Snap shot by Simon Ryfors.
14:01 of 1st period - Shot Blocked by Danny O'Regan.
14:10 of 1st period - Off-side.
14:11 of 1st period - Logan Brown wins face-off versus Kyle Clifford in neutral zone.
14:14 of 1st period - Pontus Holmberg is hit by Brenden Miller and loses puck.
14:21 of 1st period - Slapshot by Gabriel Fortier.
14:21 of 1st period - Stopped by Maxime Lagace with a rebound.
14:23 of 1st period - Slapshot by Mitchell Chaffee.
14:23 of 1st period - Stopped by Maxime Lagace with a rebound.
14:25 of 1st period - Wrist shot by Logan Brown.
14:25 of 1st period - Shot Blocked by Aidan Dudas.
14:31 of 1st period - Double Minor Penalty to Kyle Clifford for High sticking.
14:32 of 1st period - Shane Gersich wins face-off versus Alex Barre-Boulet in Toronto Marlies zone.
14:40 of 1st period - Wrist shot by Alex Barre-Boulet.
14:40 of 1st period - Goal by Alex Barre-Boulet - Toronto Marlies : 0 - Syracuse Crunch : 1.
14:41 of 1st period - Shane Gersich wins face-off versus Alex Barre-Boulet in neutral zone.
14:44 of 1st period - Slapshot by Aidan Dudas.
14:44 of 1st period - Stopped by Hugo Alnefelt with a rebound.
14:50 of 1st period - Aidan Dudas is hit by Cole Koepke and loses puck.
16:40 of 1st period - Penalty to Kyle Clifford is over, Kyle Clifford is back on ice.
16:48 of 1st period - Kyle Clifford is hit by Sean Day and loses puck.
18:38 of 1st period - Gage Goncalves is hit by Shane Gersich and loses puck.
Goals for this period are 0 for Toronto Marlies vs 1 for Syracuse Crunch.
Shots for this period are 3 for Toronto Marlies vs 6 for Syracuse Crunch.

2nd period


0:01 of 2nd period - Nicholas Robertson wins face-off versus Alex Barre-Boulet in neutral zone.
0:38 of 2nd period - Slapshot by Max Lajoie.
0:38 of 2nd period - Deflect By Gabriel Fortier.
0:38 of 2nd period - Stopped by Hugo Alnefelt with a rebound.
0:52 of 2nd period - Slapshot by Max Ellis.
0:52 of 2nd period - Stopped by Hugo Alnefelt with a rebound.
0:54 of 2nd period - Backhand shot by Aidan Dudas.
0:54 of 2nd period - Stopped by Hugo Alnefelt with a rebound.
0:56 of 2nd period - Slapshot by William Villeneuve.
0:56 of 2nd period - Shot Blocked by Logan Brown.
1:26 of 2nd period - Lucas Edmonds is hit by Danny O'Regan and loses puck.
3:22 of 2nd period - Icing by Mitchell Chaffee.
3:23 of 2nd period - Alex Barre-Boulet wins face-off versus Max Ellis in Syracuse Crunch zone.
3:34 of 2nd period - Wrist shot by Danny O'Regan.
3:34 of 2nd period - Deflect By Semyon Der-Arguchintsev.
3:34 of 2nd period - Shot Misses the Net.
3:34 of 2nd period - Puck is out of play.
3:35 of 2nd period - Ryan Tverberg wins face-off versus Simon Ryfors in Syracuse Crunch zone.
3:36 of 2nd period - Snap shot by Danny O'Regan.
3:36 of 2nd period - Stopped by Hugo Alnefelt with a rebound.
3:43 of 2nd period - Off-side.
3:44 of 2nd period - Nicholas Robertson wins face-off versus Alex Barre-Boulet in neutral zone.
4:20 of 2nd period - Snap shot by Danny O'Regan.
4:20 of 2nd period - Shot Blocked by Jack Thompson.
4:43 of 2nd period - Wrist shot by Gabriel Fortier.
4:43 of 2nd period - Stopped by Maxime Lagace with a rebound.
4:46 of 2nd period - Icing by Marshall Rifai.
4:47 of 2nd period - Alex Barre-Boulet wins face-off versus Aidan Dudas in Toronto Marlies zone.
5:00 of 2nd period - Alex Barre-Boulet is hit by Marshall Rifai and loses puck.
5:05 of 2nd period - Slapshot by Pontus Holmberg.
5:05 of 2nd period - Stopped by Hugo Alnefelt with a rebound.
5:29 of 2nd period - Snap shot by Aidan Dudas.
5:29 of 2nd period - Stopped by Hugo Alnefelt with a rebound.
5:31 of 2nd period - Wrist shot by Pontus Holmberg.
5:31 of 2nd period - Shot Blocked by Jake Massie.
5:43 of 2nd period - Snap shot by Pontus Holmberg.
5:43 of 2nd period - Stopped by Hugo Alnefelt with a rebound.
5:45 of 2nd period - Slapshot by William Villeneuve.
5:45 of 2nd period - Deflect By Cole Koepke.
5:45 of 2nd period - Stopped by Hugo Alnefelt with a rebound.
5:47 of 2nd period - Slapshot by Aidan Dudas.
5:47 of 2nd period - Shot Misses the Net.
5:49 of 2nd period - Slapshot by William Villeneuve.
5:49 of 2nd period - Deflect By Pontus Holmberg.
5:49 of 2nd period - Shot Misses the Net.
5:49 of 2nd period - Puck is out of play.
5:50 of 2nd period - Nicholas Robertson wins face-off versus Logan Brown in Syracuse Crunch zone.
5:51 of 2nd period - Slapshot by Kyle Clifford.
5:51 of 2nd period - Shot Blocked by Mitchell Chaffee.
5:54 of 2nd period - Icing by Brenden Miller.
5:55 of 2nd period - Logan Brown wins face-off versus Nicholas Robertson in Syracuse Crunch zone.
6:00 of 2nd period - Slapshot by Gabriel Fortier.
6:00 of 2nd period - Shot Misses the Net.
6:02 of 2nd period - Wrist shot by Gabriel Fortier.
6:02 of 2nd period - Shot Blocked by William Lagesson.
6:04 of 2nd period - Slapshot by Brenden Miller.
6:04 of 2nd period - Stopped by Maxime Lagace with a rebound.
6:06 of 2nd period - Snap shot by Gabriel Fortier.
6:06 of 2nd period - Shot Blocked by Max Lajoie.
6:08 of 2nd period - Snap shot by Mitchell Chaffee.
6:08 of 2nd period - Deflect By Gabriel Fortier.
6:08 of 2nd period - Goal by Gabriel Fortier - Toronto Marlies : 0 - Syracuse Crunch : 2.
6:09 of 2nd period - Nicholas Robertson wins face-off versus Alex Barre-Boulet in neutral zone.
6:11 of 2nd period - Minor Penalty to Kyle Clifford for Interference.
6:12 of 2nd period - Alex Barre-Boulet wins face-off versus Shane Gersich in Toronto Marlies zone.
6:22 of 2nd period - Slapshot by Cole Koepke.
6:22 of 2nd period - Stopped by Maxime Lagace without a rebound.
6:23 of 2nd period - Alex Barre-Boulet wins face-off versus Shane Gersich in Toronto Marlies zone.
6:34 of 2nd period - Cole Koepke is hit by Aidan Dudas and loses puck.
6:55 of 2nd period - Wrist shot by Gabriel Fortier.
6:55 of 2nd period - Goal by Gabriel Fortier - Toronto Marlies : 0 - Syracuse Crunch : 3.
6:56 of 2nd period - Alex Barre-Boulet wins face-off versus Ryan Tverberg in neutral zone.
7:21 of 2nd period - Gabriel Fortier is hit by Kyle Clifford and loses puck.
8:01 of 2nd period - Off-side.
8:02 of 2nd period - Alex Barre-Boulet wins face-off versus Ryan Tverberg in neutral zone.
8:08 of 2nd period - Slapshot by William Lagesson.
8:08 of 2nd period - Shot Misses the Net.
8:38 of 2nd period - Snap shot by Max Lajoie.
8:38 of 2nd period - Stopped by Hugo Alnefelt with a rebound.
9:25 of 2nd period - Snap shot by Simon Ryfors.
9:25 of 2nd period - Deflect By Kyle Clifford.
9:25 of 2nd period - Goal by Simon Ryfors - Toronto Marlies : 0 - Syracuse Crunch : 4.
9:25 of 2nd period - Keith Petruzzelli enters game.
9:26 of 2nd period - Alex Barre-Boulet wins face-off versus Nicholas Robertson in neutral zone.
9:53 of 2nd period - Ryan Tverberg is hit by Mitchell Chaffee and loses puck.
10:02 of 2nd period - Wrist shot by Gabriel Fortier.
10:02 of 2nd period - Shot Blocked by William Lagesson.
10:10 of 2nd period - Brenden Miller is hit by Danny O'Regan and loses puck.
10:21 of 2nd period - Slapshot by Semyon Der-Arguchintsev.
10:21 of 2nd period - Stopped by Hugo Alnefelt without a rebound.
10:22 of 2nd period - Nicholas Robertson wins face-off versus Alex Barre-Boulet in Syracuse Crunch zone.
10:33 of 2nd period - Wrist shot by Cole Koepke.
10:33 of 2nd period - Shot Misses the Net.
10:35 of 2nd period - Wrist shot by Alex Barre-Boulet.
10:35 of 2nd period - Stopped by Keith Petruzzelli with a rebound.
10:37 of 2nd period - Backhand shot by Alex Barre-Boulet.
10:37 of 2nd period - Shot Blocked by William Villeneuve.
13:37 of 2nd period - Icing by Aidan Dudas.
13:38 of 2nd period - Alex Barre-Boulet wins face-off versus Aidan Dudas in Toronto Marlies zone.
13:39 of 2nd period - Snap shot by Cole Koepke.
13:39 of 2nd period - Stopped by Keith Petruzzelli with a rebound.
13:41 of 2nd period - Wrist shot by Gage Goncalves.
13:41 of 2nd period - Shot Misses the Net.
13:43 of 2nd period - Slapshot by Brandon Hickey.
13:43 of 2nd period - Stopped by Keith Petruzzelli without a rebound.
13:44 of 2nd period - Ryan Tverberg wins face-off versus Gage Goncalves in Toronto Marlies zone.
13:49 of 2nd period - Wrist shot by William Lagesson.
13:49 of 2nd period - Shot Blocked by Jack Finley.
14:21 of 2nd period - Off-side.
14:22 of 2nd period - Alex Barre-Boulet wins face-off versus Pontus Holmberg in neutral zone.
14:35 of 2nd period - Snap shot by Kyle Clifford.
14:35 of 2nd period - Stopped by Hugo Alnefelt without a rebound.
14:36 of 2nd period - Nicholas Robertson wins face-off versus Gage Goncalves in Syracuse Crunch zone.
14:41 of 2nd period - Slapshot by Kyle Clifford.
14:41 of 2nd period - Shot Blocked by Sean Day.
15:01 of 2nd period - Lucas Edmonds is hit by Ryan Tverberg and loses puck.
15:26 of 2nd period - Logan Brown is hit by Pontus Holmberg and loses puck.
16:23 of 2nd period - Simon Ryfors is hit by Semyon Der-Arguchintsev and loses puck.
Goals for this period are 0 for Toronto Marlies vs 3 for Syracuse Crunch.
Shots for this period are 11 for Toronto Marlies vs 9 for Syracuse Crunch.

3rd period


0:01 of 3rd period - Nicholas Robertson wins face-off versus Alex Barre-Boulet in neutral zone.
0:06 of 3rd period - Wrist shot by Kyle Clifford.
0:06 of 3rd period - Goal by Kyle Clifford - Toronto Marlies : 1 - Syracuse Crunch : 4.
0:07 of 3rd period - Nicholas Robertson wins face-off versus Alex Barre-Boulet in neutral zone.
0:18 of 3rd period - Snap shot by Cole Koepke.
0:18 of 3rd period - Shot Blocked by William Lagesson.
0:44 of 3rd period - Wrist shot by Gage Goncalves.
0:44 of 3rd period - Deflect By Simon Ryfors.
0:44 of 3rd period - Shot Misses the Net.
0:44 of 3rd period - Puck is out of play.
0:45 of 3rd period - Ryan Tverberg wins face-off versus Alex Barre-Boulet in Toronto Marlies zone.
0:45 of 3rd period - Ryan Tverberg is hit by Lucas Edmonds.
0:51 of 3rd period - Semyon Der-Arguchintsev is hit by Sean Day and loses puck.
1:01 of 3rd period - Minor Penalty to Marshall Rifai for Tripping.
1:02 of 3rd period - Alex Barre-Boulet wins face-off versus Shane Gersich in Toronto Marlies zone.
1:10 of 3rd period - Snap shot by Cole Koepke.
1:10 of 3rd period - Stopped by Keith Petruzzelli with a rebound.
1:12 of 3rd period - Snap shot by Brenden Miller.
1:12 of 3rd period - Stopped by Keith Petruzzelli with a rebound.
1:18 of 3rd period - Slapshot by Cole Koepke.
1:18 of 3rd period - Shot Misses the Net.
1:56 of 3rd period - Topi Niemela is hit by Cole Koepke and loses puck.
2:13 of 3rd period - Brenden Miller is hit by William Villeneuve and loses puck.
2:56 of 3rd period - Danny O'Regan is hit by Alex Barre-Boulet and loses puck.
3:01 of 3rd period - Penalty to Marshall Rifai is over, Marshall Rifai is back on ice.
3:21 of 3rd period - Danny O'Regan is hit by Simon Ryfors and loses puck.
3:34 of 3rd period - Max Lajoie is hit by Gabriel Fortier and loses puck.
5:51 of 3rd period - Aidan Dudas is hit by Simon Ryfors and loses puck.
6:36 of 3rd period - Ryan Tverberg is hit by Gabriel Fortier and loses puck.
7:07 of 3rd period - Jack Thompson is hit by Kyle Clifford and loses puck.
7:18 of 3rd period - Mikko Kokkonen is hit by Cole Koepke and loses puck.
8:28 of 3rd period - Jake Massie is hit by Ryan Tverberg and loses puck.
8:39 of 3rd period - Felix Robert is hit by Kyle Clifford and loses puck.
10:40 of 3rd period - Jack Finley is hit by Shane Gersich and loses puck.
11:09 of 3rd period - Lucas Edmonds is hit by Pontus Holmberg.
11:52 of 3rd period - Icing by Jack Thompson.
11:53 of 3rd period - Felix Robert wins face-off versus Nicholas Robertson in Syracuse Crunch zone.
12:16 of 3rd period - Danny O'Regan is hit by Simon Ryfors.
12:46 of 3rd period - Gage Goncalves is hit by Pontus Holmberg and loses puck.
15:01 of 3rd period - Max Ellis is hit by Brandon Hickey and loses puck.
17:35 of 3rd period - Mitchell Chaffee is hit by Marshall Rifai and loses puck.
18:03 of 3rd period - Icing by Mikko Kokkonen.
18:04 of 3rd period - Ryan Tverberg wins face-off versus Gage Goncalves in Toronto Marlies zone.
18:53 of 3rd period - Brandon Hickey is hit by Max Ellis and loses puck.
Goals for this period are 1 for Toronto Marlies vs 0 for Syracuse Crunch.
Shots for this period are 1 for Toronto Marlies vs 2 for Syracuse Crunch.